Cogmind - Beta 16 @@@ ROGUE MODE // 2025.11.10 @ 00:09:03 Player: shapeshifter Result: Destroyed by YU-FDC(R) with Subdweller Machine Gun Performance ------------- Evolutions (0) 0 Regions Visited (2) 400 Robots Destroyed (27) 135 Value Destroyed (605) 605 Prototype IDs (0) 0 Alien Tech Used (0) 0 Bonus (-31) -31 TOTAL SCORE: 1109 Bonus ------- Friendly Fire -31 Cogmind --------- Core Integrity 0/250 Matter 280/300 Energy 250/250 System Corruption 2% Temperature Cool (0) Movement Rolling (115) Ox1 Location -10/Subcaves Parts ------- > --- POWER (1) -------- Ion Engine > --- PROPULSION (2) --- Compact Wheel > --- UTILITY (2) ------ Small Storage Unit Improved Terrain Scanner > --- WEAPON (2) ------- Subdweller Machine Gun Grenade Launcher > --- INVENTORY (8) ---- Subdweller Power Source Improved Heat Sink Tractor Beam Grenade Launcher Subdweller Shrapnel Launcher Peak State ------------ > --- POWER ------------ Light Ion Engine > --- PROPULSION ------- Light Treads Light Treads > --- UTILITY ---------- Small Storage Unit Hacking Suite > --- WEAPON ----------- Assault Rifle Light Assault Rifle > --- INVENTORY -------- Ion Engine Light Ion Engine Compact Wheel Compact Wheel Improved Heat Sink Improved Terrain Scanner Tractor Beam Small Laser [Rating: 10] Favorites ----------- Power Ion Engine Engine Ion Engine Propulsion Light Treads Treads Light Treads Wheel Compact Wheel Utility Small Storage Unit Device Improved Terrain Scanner Storage Small Storage Unit Hackware Hacking Suite Weapon Light Assault Rifle Energy Gun Small Laser Ballistic Gun Light Assault Rifle Launcher Grenade Launcher Build | -11 -10 -10 ------- Run | Yrd Mat Sub Slots Evolved . | . . . Power . | . . . Propulsion . | . . . Utility . | . . . Weapon . | . . . Parts Attached 15 | 6 7 2 Power 3 | 1 2 . Engine 3 | 1 2 . Core . | . . . Reactor . | . . . Propulsion 4 | 2 2 . Treads 2 | 2 . . Leg . | . . . Wheel 2 | . 2 . Hover . | . . . Flight . | . . . Utility 3 | 1 1 1 Device 1 | . . 1 Storage 1 | 1 . . Processor . | . . . Hackware 1 | . 1 . Protection . | . . . Artifact . | . . . Weapon 5 | 2 2 1 Energy Gun 1 | . 1 . Energy Cannon . | . . . Ballistic Gun 3 | 2 . 1 Ballistic Cannon . | . . . Launcher 1 | . 1 . Special Weapon . | . . . Impact Weapon . | . . . Slashing Weapon . | . . . Piercing Weapon . | . . . Special Melee Weapon . | . . . Unidentified Prototypes . | . . . Parts Lost 8 | . 5 3 Power 1 | . 1 . Propulsion 3 | . 2 1 Utility 1 | . 1 . Weapon 3 | . 1 2 Highest Loss Streak 3 | . 2 3 To Critical Strikes . | . . . Average Backups 6 | 4 7 5 Power . | 1 . . Propulsion 1 | 1 1 . Utility 2 | . 2 2 Weapon 1 | 1 1 2 Tool/Special . | . . . Unused Backups 5 | . . 5 Power 1 | . . 1 Propulsion . | . . . Utility 2 | . . 2 Weapon 2 | . . 2 Tool/Special . | . . . Average Slot Usage (%) 91 | . 93 80 Engine 13 | . 13 14 Treads 20 | . 24 . Wheel 5 | . 3 20 Storage 14 | . 14 14 Hackware 8 | . 9 . Energy Gun 3 | . 3 5 Ballistic Gun 22 | . 24 11 Launcher 1 | . . 7 Peak Build Rating 10 | 6 10 9 Average Rating 7 | 4 8 7 On Entrance 4 | . 6 6 Avg Prop Armor Cover (%) . | . . . Naked Turns . | . . . Heaviest Build 18 | 11 14 18 Greatest Support 40 | 40 40 32 Greatest Overweight (x) 1 | . . 1 Average Overweight (x) . | . . . Largest Inventory Capacity 8 | 8 8 8 Average Capacity 7 | 7 8 8 Most Carried 8 | 7 8 7 Average Carried 6 | 4 7 5 Final Capacity 8 | 8 8 8 Final Carried 6 | 6 5 5 Class Distribution -------------------- 100% | Mutant Dominant Class ---------------- Mutant | -10/Materials Mutant | -10/Subcaves Resources | -11 -10 -10 ----------- Run | Yrd Mat Sub Matter Collected 665 | 306 306 53 Remotely . | . . . Salvage Created 830 | 157 646 27 Parts 50 | 9 39 2 Haulers Intercepted . | . . . Recyclers Shooed 2 | 2 . . Parts Field Recycled . | . . . Retrieved Matter . | . . . Parts Self-Destructed . | . . . Prevented . | . . . Parts Restored . | . . . Kills | -11 -10 -10 ------- Run | Yrd Mat Sub Combat Hostiles Destroyed 19 | . 18 1 Guns 18 | . 18 . AOE 1 | . . 1 Classes Destroyed 8 | 2 5 1 Builder 1 | . 1 . Tunneler 4 | 4 . . Recycler 1 | 1 . . Operator 1 | . 1 . Watcher 1 | . 1 . Swarmer 6 | . 6 . Grunt 12 | . 12 . Subdweller 1 | . . 1 Best Kill Streak 5 | 4 5 1 Combat Bots Only 5 | . 5 1 Max Kills in Single Turn 1 | 1 1 1 Gunslinging . | . . . Exploded 1 | . . 1 Melee . | . . . Uniques/NPCs Destroyed . | . . . Combat | -11 -10 -10 -------- Run | Yrd Mat Sub Hostile Shots Fired 119 | . 104 15 Missed 28 | . 23 5 Hits 91 | . 81 10 Projectile 91 | . 81 10 AOE 1 | . . 1 Damage Taken 1086 | . 836 250 Core 251 | . 205 46 Absorbed by Shields . | . . . Core Remaining (%) 100 | 100 . . Volleys Fired 108 | 14 82 12 Largest 2 | 2 2 2 Hottest 60 | 40 60 60 Shots Fired 204 | 28 163 13 Gun 203 | 28 163 12 Cannon . | . . . Launcher 1 | . . 1 Special . | . . . Kinetic 173 | 28 134 11 Thermal 30 | . 29 1 Explosive 1 | . . 1 Electromagnetic . | . . . Robot Hit Streak 10 | 4 10 5 Robot Miss Streak 5 | 3 5 1 Penetration Max . | . . . Secondary Targets 2 | . 2 . Max Gunslinging Chain 1 | . 1 . Shots Hit Robots 115 | 12 93 10 Core Hits 54 | 8 42 4 Critical Kills . | . . . Critical Parts Destroyed . | . . . Critical Strikes . | . . . Melee Attacks . | . . . Impact . | . . . Slashing . | . . . Piercing . | . . . Sneak Attacks . | . . . Combat Hostiles . | . . . Follow-up Attacks . | . . . Damage Inflicted 1384 | 184 970 230 Guns 1315 | 184 970 161 Cannons . | . . . Explosions 69 | . . 69 Melee . | . . . Ramming . | . . . Kinetic 1094 | 184 759 151 Thermal 221 | . 211 10 Explosive 69 | . . 69 Electromagnetic . | . . . Impact . | . . . Slashing . | . . . Piercing . | . . . Highest Corruption 2 | . 2 2 Average Corruption 2 | . 2 2 Corruption Purged . | . . . Corruption Blocked . | . . . Effects 10 | . 10 . Message Errors 3 | . 3 . Matter Fused 2 | . 2 . Heat Flow Errors 1 | . 1 . Parts Rejected 2 | . 2 . Alerts 1 | . 1 . Weapon Failures 1 | . 1 . Overload Shots . | . . . Overflow Damage . | . . . Projectiles . | . . . Explosions . | . . . Melee . | . . . Knockbacks . | . . . Impact . | . . . Kinetic . | . . . Secondary . | . . . Self-Inflicted Damage . | . . . Shots . | . . . Rammed . | . . . Targets Rammed . | . . . Kicked . | . . . Crushed . | . . . Highest Temperature 187 | . 187 . Average Temperature 36 | . 36 . Received Heat Transfer 336 | . 336 . Siege Activations . | . . . Martial Activations . | . . . Shielding Activations . | . . . Robots Disrupted . | . . . Combat Hostiles . | . . . Robots Corrupted . | . . . Combat Hostiles . | . . . Parts Fried . | . . . Impact Corruptions . | . . . Robots Melted . | . . . Combat Hostiles . | . . . Parts Melted . | . . . Heat Transferred 500 | . 475 25 Parts Sabotaged . | . . . Parts Stolen . | . . . Parts Stripped . | . . . Power Chain Reactions . | . . . Alert | -11 -10 -10 ------- Run | Yrd Mat Sub Maximum Alert Level 1 | . 1 . Low Security (%) 57 | 100 49 . Level 1 42 | . 50 . Level 2 . | . . . Level 3 . | . . . Level 4 . | . . . Level 5 . | . . . High Security . | . . . Max Security . | . . . Peak Influence 266 | 10 266 . Initial . | . . . Average 128 | . 150 . Influence Increases 600 | 25 575 . Destroy 0b10 Robot/C 360 | . 360 . Destroy 0b10 Robot/NC 40 | 25 15 . Destroy Leader 82 | . 82 . Successful Hack 27 | . 27 . Select Force Hacks 30 | . 30 . Destroy Structure 1 | . 1 . Lose Combat Pursuer 60 | . 60 . Influence Decreases 578 | 25 321 232 Entered New Map 122 | . . 122 Time Decay 376 | 25 271 80 Lost Part 80 | . 50 30 Squads Dispatched 4 | . 4 . Investigation 2 | . 2 . Extermination . | . . . Reinforcement 2 | . 2 . Assault . | . . . Garrison . | . . . Intercept . | . . . Searches Triggered . | . . . Construction Impeded . | . . . Haulers Reinforced . | . . . Active Scanning Responses . | . . . Cargo Convoy Interrupts . | . . . Stealth | -11 -10 -10 --------- Run | Yrd Mat Sub Distress Signals 1 | . 1 . Communications Jammed . | . . . Distress Signals . | . . . Times Spotted 34 | . 31 3 Peak Tracking Total 5 | . 5 1 Tactical Retreats 1 | . 1 . Traps | -11 -10 -10 ------- Run | Yrd Mat Sub Traps Triggered 1 | . 1 . Indirectly . | . . . Trap Hack Attempts . | . . . Triggered . | . . . Disarmed . | . . . Reprogrammed . | . . . Reused . | . . . Traps Extracted . | . . . Installed . | . . . Triggered . | . . . Machines | -11 -10 -10 ---------- Run | Yrd Mat Sub Machines Disabled . | . . . Max in Single Turn . | . . . Machines Repaired . | . . . Machines Dismantled . | . . . Machines Sabotaged . | . . . Overloaded Fab Kills . | . . . Hacking | -11 -10 -10 --------- Run | Yrd Mat Sub Machines Accessed 9 | . 8 1 Terminals 7 | . 7 . Fabricators . | . . . Repair Stations . | . . . Recycling Units 1 | . 1 . Scanalyzers . | . . . Garrison Access . | . . . Total Hacks 29 | . 24 5 Successful 19 | . 14 5 Failed 10 | . 10 . Catastrophic . | . . . Database Lockouts . | . . . Manual 18 | . 18 . Terminals 20 | . 20 . Fabricators . | . . . Repair Stations . | . . . Recycling Units 4 | . 4 . Scanalyzers . | . . . Garrison Access . | . . . Terminal Hacks 11 | . 6 5 Record 5 | . . 5 Terminal Index 1 | . 1 . Zone Layout 5 | . 5 . Fabricator Hacks . | . . . Repair Station Hacks . | . . . Recycling Unit Hacks 1 | . 1 . Retrieve Components 1 | . 1 . Scanalyzer . | . . . Garrison Access Hacks . | . . . Unauthorized Hacks 7 | . 7 . Terminals 6 | . 6 . Skim 6 | . 6 . Fabricators . | . . . Repair Stations . | . . . Recycling Units 1 | . 1 . Tunnel 1 | . 1 . Scanalyzers . | . . . Garrison Access . | . . . Data Cores Recovered 1 | . 1 . Used . | . . . Hacking Detections 8 | . 8 . Full Trace Events 1 | . 1 . Feedback Events . | . . . Feedback Blocked . | . . . Robot Schematics Acquired . | . . . Robots Built . | . . . Authchips . | . . . Time . | . . . Total Robot Build Rating . | . . . Part Schematics Acquired . | . . . Parts Built . | . . . Authchips . | . . . Time . | . . . Total Part Build Rating . | . . . Part Studies Acquired . | . . . Parts Repaired . | . . . Time . | . . . Parts Recycled . | . . . Recycled Matter . | . . . Retrieved Matter . | . . . Retrieved Components 10 | . 10 . Parts Scanalyzed . | . . . Part Schematics Acquired . | . . . Parts Damaged . | . . . Bothacking | -11 -10 -10 ------------ Run | Yrd Mat Sub Used RIF Installer . | . . . Robots Hacked . | . . . Non-combat . | . . . Combat . | . . . Robot Hacks Applied . | . . . Relay Couplers Released . | . . . Fabnet Peak Effective % . | . . . Robots Rewired . | . . . Allies Hacked . | . . . Hacks Repelled . | . . . Allies | -11 -10 -10 -------- Run | Yrd Mat Sub Total Allies . | . . . Largest Group . | . . . Highest-Rated Group . | . . . Highest-Rated Ally . | . . . Total Orders . | . . . Ally Attacks . | . . . Total Damage . | . . . Kills . | . . . Allies Corrupted . | . . . Allies Melted . | . . . Intel | -11 -10 -10 ------- Run | Yrd Mat Sub Active Infowar (turns) 75 | . . 75 Terrain 75 | . . 75 Robot Analysis Total . | . . . Derelict Logs Recovered . | . . . Drone Launches . | . . . Drone Recoveries . | . . . Exploration | -11 -10 -10 ------------- Run | Yrd Mat Sub Turns Passed 1227 | 158 906 163 Spaces Moved 625 | 73 434 118 Core 14 | 14 . . Treads 412 | 59 353 . Legs . | . . . Wheels 199 | . 81 118 Hover . | . . . Flight . | . . . Fastest Speed 50 | 50 100 100 Average Speed 139 | 138 148 105 Slowest Speed 160 | 160 160 115 Overloaded Moves . | . . . Propulsion Burnouts . | . . . Robots Hopped . | . . . Potential Cave-ins . | . . . Cave-ins Triggered . | . . . Exploration Rate (%) 30 | 3 79 10 Regions Visited 2 Branch Regions 1 Pre-discovered Areas 2 | . 1 1 Known Exits Taken 1 | . 1 . Unknown Exits Taken 1 | 1 . . Scrap Searched . | . . . Spaces Dug . | . . . Terrain Destroyed 4 | . . 4 Melee . | . . . Projectile . | . . . AOE 4 | . . 4 Terrain Rammed . | . . . Walls Destroyed . | . . . Machines Disabled . | . . . Actions | -11 -10 -10 --------- Run | Yrd Mat Sub Total 792 | 104 545 143 Wait 21 | . 14 7 Move 623 | 72 433 118 Hop . | . . . Pick Up 21 | 12 6 3 Fast Attach 1 | . 1 . Attach 15 | 6 6 3 Detach . | . . . Swap 2 | . 2 . Drop 1 | . 1 . Fire 108 | 14 82 12 Melee . | . . . Ram . | . . . Kick . | . . . Crush . | . . . Escape Stasis . | . . . Rewire . | . . . Trap . | . . . Miscellaneous . | . . . Route ------- -11/Scrapyard -10/Materials (discovered 5 exits: [*Mat x2] / [*Min x2] / *Sub) -10/Subcaves History --------- Turn | Location | Event 7 | -11/Scrapyard | Discovered new exit (range 15) 159 | -11/Scrapyard | Entered Materials 341 | -10/Materials | Build established: Mutant 376 | -10/Materials | Discovered new exit (range 5) 486 | -10/Materials | Discovered new exit (range 18) 673 | -10/Materials | Discovered new exit (range 15) 834 | -10/Materials | Identified exit to Subcaves 838 | -10/Materials | Discovered new exit (range 14) 897 | -10/Materials | Core integrity fell below 50% 1025 | -10/Materials | Core integrity fell below 20% 1065 | -10/Materials | Entered Subcaves 1066 | -10/Subcaves | Approached by a straggling Scientist 1084 | -10/Subcaves | Visited Clippyterm 1087 | -10/Subcaves | Learned location of Section 7 (-2) 1087 | -10/Subcaves | Learned Factory emergency access door positions 1109 | -10/Subcaves | Shifting Twisted Machinery released Sub. Machine Gun 1115 | -10/Subcaves | Shifting Twisted Machinery released Sub. Monowheel 1127 | -10/Subcaves | Ambushed by Subdweller buried in earth 1163 | -10/Subcaves | Lost 3 parts (1n2w) 1203 | -10/Subcaves | Disturbed a concealed Subdweller 1228 | -10/Subcaves | Destroyed by YU-FDC(R) with Subdweller Machine Gun Last Messages --------------- 01127_ GH-OJ7(R) destroyed. [Achievement: Do Not Disturb] 01128_ UG-RHM(R): "HIDIE!" 01128_ Subatomizers dissect the Sub. Shrapnel Launcher. 01130_ Acquired Sub. Shrapnel Launcher. 01132_ Acquired 13 matter. 01132_ Com. Wheel destroyed. 01138_ UG-RHM(R) destroyed. 01141_ Acquired 20 matter. 01145_ Acquired Sub. Power Source. 01150_ Acquired Sub. Machine Gun. 01153_ Acquired 10 matter. 01153_ Subatomizers dissect the Sub. Optics. 01154_ Acquired 10 matter. 01164_ Subatomizers dissect the Sub. Optics. 71-38X(c): "I think it's somewhere west of here" 01203_ YU-FDC(R) angrily emerges from the Twisted Machinery. 01210_ YU-FDC(R) affixes Scrap Shield Fragment to Scrap Shield. 71-38X(c): "I think it's somewhere west of here" 01219_ YU-FDC(R) affixes Scrap Shield Fragment to Scrap Shield. Map ----- +----------------------------------------------------+ | ?????????????????????????????????????# # ## | | ?????????????????????????????????????# | | ?????????????????????????????????????## | | ??????????????????????????????????????## ## # | | ???????????????????????????????????????######### | | ???????????????????????????????????????????????# | | ???????????????????????????????????????????????# | | ?????????????????????????????????????????####### | | ????????????????????????????????????????## | | ???????????????????????????????????##???# | | ????????????????????????????#?????## #??# & | | ?????????????????????????##???#???# ??## & | | ??????????????????????????????????# ???# #### | | ??????????????????????????????????# ##?# #?# | | ??????????????????????????????????# ### #### | | ?????????????????????????????#????# "#" " | | ??????????????????????#????#?#????## " "" | | ???????????????????????????????#???# " #"" | | ????????????????????????????#?#????# "[##" | | ????????????????????????????#??#???## " "" | | ??????????????????????###?#????????## ### "" "" | | ??????????????????????# $# ???##???# ##?# " "=# | | ??????????????????#???? ????????## #?###" #? | | ????????????????????????